 Dungeon Crawl Stone Soup version 0.30.0-29-ga12c61a403 (webtiles) character file.

Game seed: 14037450027514024868

37 belegose the Grasshopper (level 3, -4/31 HPs)
             Began as an Armataur Warper on June 12, 2023.
             Slain by Terence
             ... wielding a +0 flail
              (10 damage)
             ... on level 2 of the Dungeon.
             The game lasted 00:03:12 (1158 turns).

belegose the Grasshopper (Armataur Warper)          Turns: 1158, Time: 00:03:13

Health: -4/31      AC:  5    Str: 18    XL:     3   Next: 21%
Magic:  5/5        EV:  5    Int: 13    God:
Gold:   161        SH:  9    Dex:  9    Spells: 5/5 levels left

rFire   . . .        a - +0 mace
rCold   . . .        n - +0 tower shield
rNeg    . . .        b - +0 leather armour
rPois   .            (no helmet)
rElec   .            (no cloak)
rCorr   .            m - +0 pair of gloves
SInv    .            (no barding)
Will    .....        (no amulet)
Stlth   +            (no ring)
HPRegen 0.25/turn    (no ring)
MPRegen 0.09/turn

%: roll
@: no status effects
A: large, rugged brown scales 3, deformed body, armoured tail, roll, long
tongue, awkward tongue
a: no special abilities


You were on level 2 of the Dungeon.
You visited 1 branch of the dungeon, and saw 2 of its levels.

You collected 161 gold pieces.

Inventory:

Hand Weapons
 a - a +0 mace (weapon)
Missiles
 d - 7 boomerangs of dispersal (quivered)
 k - 6 poisoned darts
 o - 20 stones
Armour
 b - a +0 leather armour (worn)
 m - a +0 pair of gloves (worn)
 n - a +0 tower shield (worn)
Scrolls
 c - 2 scrolls of blinking
 h - 4 scrolls of identify {unknown}
 i - a scroll of butterflies {unknown}
 j - a scroll of teleportation {unknown}
 l - a scroll of acquirement {unknown}
 p - a scroll of torment {unknown}
Potions
 e - a potion of brilliance {unknown}
 f - 4 potions of curing {unknown}
 g - a potion of lignification {unknown}


   Skills:
 + Level 2.2 Fighting
 + Level 2.2 Maces & Flails
 + Level 1.5 Throwing
 + Level 2.2 Armour
 - Level 1.3 Dodging
 + Level 0.1 Shields
 - Level 1.7 Spellcasting
 - Level 3.0 Translocations


You had 5 spell levels left.
You didn't know any spells.
Your spell library contained the following spells:

 Spells                   Type           Power      Damage    Failure   Level
 Apportation              Tloc           16%        N/A       75%         1
 Blink                    Tloc           16%        N/A       86%         2
 Lesser Beckoning         Tloc           16%        N/A       86%         2
 Necrotise                Necr           4%         1d4       98%         1
 Summon Small Mammal      Summ           4%         N/A       98%         1
 Teleport Other           Tloc           8%         N/A       98%         3
 Sublimation of Blood     Necr           1%         N/A       99%         2
 Wereblood                Tmut           1%         N/A       99%         2
 Vhi's Electric Charge    Tloc/Air       10%        N/A       99%         3
 Manifold Assault         Tloc           8%         N/A       100%        4
 Summon Ice Beast         Ice/Summ       1%         N/A       100%        4
 Alistair's Intoxication  Tmut/Pois      0%         N/A       100%        5
 Summon Mana Viper        Hex/Summ       1%         N/A       100%        5
 Monstrous Menagerie      Summ           0%         N/A       100%        7
 Summon Hydra             Summ           0%         N/A       100%        7


Dungeon Overview and Level Annotations

Branches:
Dungeon (2/15)

Altars:

Annotations:
D:2 Terence


Innate Abilities, Weirdness & Mutations

You are completely covered in rugged brown scales. (AC +3, +7% HP)
Armour fits poorly on your strangely shaped body.
You have a long armoured tail.
You roll when moving toward enemies. (Rampage)
Your long tongue fully drains potion bottles. (2x potion effects)
Your tongue gives you trouble enunciating. (1.5x scroll delay)


Message History

You barely miss the hobgoblin.
The hobgoblin is heavily wounded.
The hobgoblin hits you but does no damage.
You block the hobgoblin's attack.
You barely miss the hobgoblin.
The hobgoblin is heavily wounded.
You block the hobgoblin's attack.
You closely miss the hobgoblin.
The hobgoblin is heavily wounded.
The hobgoblin hits you.
The hobgoblin hits you but does no damage.
You closely miss the hobgoblin. You tail-slap the hobgoblin.
You kill the hobgoblin!
HP restored.
Found a stone staircase leading down.
p - a scroll labelled PAETZE TIEXZUOLO
o - 16 stones (gained 5)
o - 20 stones (gained 4)
An endoplasm comes into view.
The endoplasm quivers.
You roll towards the endoplasm!
You hit the endoplasm.
The endoplasm is severely wounded.
You block the endoplasm's attack.
You hit the endoplasm.
You kill the endoplasm!
Terence shouts!
Terence is nearby!
You roll towards Terence!
Found 7 stones.
You hit Terence but do no damage. You block Terence's attack.
Terence hits you with a +0 flail!
You barely miss Terence. Terence barely misses you.
You hit Terence.
Terence is lightly wounded.
Terence hits you with a +0 flail! Terence hits you with a +0 flail.
* * * LOW HITPOINT WARNING * * *
You barely miss Terence.
Terence is lightly wounded.
You block Terence's attack. Terence hits you with a +0 flail!
You die...

#.......# ..
#....#### .#
####.# # #.#
#.# #.#
##.#####
#......#
#...@..#
#....@.#
#.#......(
#.####.##...
#. .# ## #.
.# #


You could see Terence.

Vanquished Creatures
  A dart slug (D:1)
  3 bats
  5 endoplasms
  A giant cockroach (D:1)
  5 goblins
  3 hobgoblins
  4 kobolds (D:1)
  3 quokkas
  4 rats (D:1)
29 creatures vanquished.

Notes
Turn   | Place    | Note
-------+----------+-------------------------------------------
     0 | D:1      | belegose the Armataur Warper began the quest for the Orb.
     0 | D:1      | Reached XP level 1. HP: 18/18 MP: 3/3
    31 | D:1      | Reached skill level 1 in Throwing
   134 | D:1      | Reached XP level 2. HP: 21/25 MP: 4/4
   397 | D:1      | Reached XP level 3. HP: 28/31 MP: 5/5
   856 | D:2      | Noticed Terence
  1158 | D:2      | Slain by Terence

Illustrated notes

Levels and vault maps discovered:
D:1:      giann_wishing_wells, layout_rooms
D:2:      layout_loops_cross, serial_bayou_lagoon_b, uniq_terence

Skill      XL: |  1  2 |
---------------+-------+-----
Throwing       | 1 |  1.5
Fighting       | 2 |  2.2
Maces & Flails | 2 |  2.2
Armour         | 2 |  2.2
Dodging        | |  1.3
Shields        | |  0.1
Spellcasting   | |  1.7
Translocations | |  3.0

Action                     || total
---------------------------++-------
  Melee: Mace              ||    96
         Tailslap          ||    11
 Armour: Leather armour    ||    42
  Dodge: Dodged            ||    48
  Block: Tower shield      ||    18
